Map: Pillars of Gold LE

Players

RiSky

  • Race: Zerg Zerg
  • Spawn Location: 7:00

Seither - Winner!

  • Race: Terran Terran
  • Spawn Location: 1:00

Event: DreamHack SC2 Masters 2020 Summer Oceania RoA

VOD

Have the link to the VOD?

Description

Time

  • Played on: June 26, 2020, 4:12 a.m.
  • Length: 9:20

All games in this series

Show
View Real Time Build Order
Export as new Build Order

RiSky Zerg 

Build Orders: Hatch First, Muta Ling Bane 

Get SALT Encoding   

  12  0:02  Drone  
  13  0:12  Overlord  
  13  0:17  Drone  
  14  0:31  Drone x2  
  16  0:50  Hatchery  
  16  0:53  Drone  
  17  0:57  Drone  
  17  1:00  Drone  
  18  1:10  Extractor  
  17  1:16  Spawning Pool  
  16  1:19  Drone  
  16  1:22  Drone  
  18  1:28  Drone  
  19  1:39  Drone  
  20  1:51  Overlord  
  20  2:03  Queen x2  
  20  2:04  Zergling x4  
  26  2:12  Drone  
  26  2:13  Drone  
  28  2:16  Metabolic Boost  
  28  2:21  Extractor  
  28  2:22  Drone  
  28  2:24  Drone  
  29  2:35  Drone  
  31  2:42  Queen  
  31  2:44  Queen  
  32  2:47  Drone  
  32  2:50  Overlord  
  35  2:57  Drone  
  36  3:09  Drone x4  
  40  3:18  Drone x3  
  43  3:21  Lair  
  43  3:25  Drone  
  43  3:26  Drone, Extractor  
  44  3:29  Overlord  
  44  3:40  Overlord  
  44  3:47  Hatchery, Drone x2  
  45  3:52  Zergling x4  
  45  3:53  Drone  
  45  3:55  Drone  
  49  4:01  Drone, Baneling Nest  
  49  4:04  Zergling x2  
  49  4:05  Zergling x2  
  49  4:09  Drone  
  52  4:12  Drone x2  
  52  4:15  Extractor  
  52  4:16  Drone, Extractor  
  53  4:19  Drone  
  54  4:24  Spire  
  54  4:25  Drone  
  54  4:27  Zergling x2  
  54  4:30  Drone  
  56  4:35  Overlord  
  56  4:36  Drone x2  
  59  4:38  Drone  
  59  4:40  Drone  
  59  4:44  Overlord  
  60  4:48  Overseer  
  60  4:53  Overlord  
  60  4:54  Drone  
  60  4:56  Baneling x2  
  60  4:59  Spore Crawler  
  60  5:00  Spore Crawler  
  60  5:01  Drone  
  60  5:02  Drone  
  60  5:06  Drone  
  62  5:07  Drone x2  
  62  5:12  Drone, Zergling x2  
  62  5:13  Zergling x2  
  67  5:14  Drone  
  67  5:17  Drone  
  67  5:21  Drone  
  70  5:22  Drone  
  70  5:26  Overlord  
  71  5:32  Overlord  
  71  5:34  Spore Crawler  
  70  5:36  Mutalisk  
  70  5:37  Mutalisk  
  70  5:42  Mutalisk x2  
  76  5:46  Mutalisk  
  76  5:49  Mutalisk  
  78  5:55  Mutalisk  
  74  6:03  Mutalisk  
  74  6:05  Drone x3  
  74  6:08  Drone  
  78  6:13  Drone x3  
  78  6:17  Drone  
  82  6:19  Drone  
  82  6:24  Centrifical Hooks  
  83  6:27  Drone  
  84  6:36  Evolution Chamber x2, Drone x3  
  85  6:40  Drone  
  85  6:42  Drone  
  85  6:43  Drone  
  85  6:44  Drone  
  89  6:49  Zerg Flyer Weapons Level 1  
  89  6:52  Drone  
  91  6:54  Drone  
  91  6:56  Mutalisk x2  
  91  7:00  Overlord  
  95  7:05  Zerg Melee Weapons Level 1, Drone  
  95  7:08  Drone x2  
  98  7:10  Extractor  
  98  7:11  Extractor  
  98  7:14  Zergling x12  
  102  7:19  Zerg Ground Armor Level 1  
  102  7:24  Pneumatized Carapace  
  102  7:26  Baneling x3  
  102  7:37  Hatchery  
  102  7:38  Mutalisk  
  102  7:40  Overseer  
  103  7:45  Overlord  
  103  7:46  Overlord  
  103  7:56  Mutalisk  
  103  7:58  Overlord  
  105  7:59  Baneling x2  
  105  8:00  Baneling x5  
  105  8:03  Zergling x2  
  105  8:04  Zergling x12  
  113  8:05  Zergling x8  
  113  8:09  Zergling x4  
  113  8:10  Zergling x2  
  119  8:13  Zergling x4  
  119  8:14  Zergling x2  
  119  8:17  Zergling x6  
  121  8:20  Zergling x4  
  123  8:31  Zergling x16  
  123  8:34  Mutalisk  
  109  8:37  Zergling x2  
  98  8:42  Mutalisk  
  98  8:43  Mutalisk  
  98  8:45  Baneling x4  
  102  8:50  Zergling x6  
  102  8:51  Baneling x2  
  102  8:54  Hatchery, Zergling x4  
  104  9:02  Zergling x4  
Show
View Real Time Build Order
Export as new Build Order

Seither Terran - Winner!

Build Orders: Hellion Opening, Reaper Expand 

Get SALT Encoding   

  12  0:00  SCV  
  13  0:13  SCV  
  14  0:18  Supply Depot  
  14  0:25  SCV  
  15  0:40  SCV  
  15  0:41  Barracks  
  16  0:45  Refinery  
  16  0:52  SCV  
  17  1:04  SCV  
  18  1:16  SCV  
  19  1:28  Orbital Command, Reaper  
  20  1:43  Command Center  
  20  1:54  Supply Depot  
  20  1:55  SCV  
  20  2:00  Marine  
  22  2:07  SCV  
  23  2:11  Factory  
  23  2:18  Refinery  
  23  2:19  SCV  
  24  2:23  Barracks Reactor  
  24  2:45  SCV  
  25  2:56  Orbital Command  
  25  2:57  Starport  
  25  3:02  SCV  
  25  3:04  Hellion x2  
  30  3:14  SCV  
  31  3:22  SCV  
  31  3:25  Hellion x2  
  31  3:26  SCV  
  37  3:27  Supply Depot  
  37  3:35  Fusion Core  
  37  3:38  Starport Tech Lab  
  37  3:40  SCV x2  
  39  3:52  SCV x2  
  39  3:55  Supply Depot  
  41  3:56  Hellion  
  41  3:57  Hellion  
  45  4:04  Barracks Tech Lab, SCV x2  
  47  4:16  SCV x2  
  49  4:21  Supply Depot  
  49  4:28  SCV x2  
  49  4:29  Battlecruiser  
  57  4:44  Command Center, SCV x2  
  59  4:47  Stimpack  
  59  4:57  SCV  
  59  4:58  SCV  
  59  4:59  Barracks  
  61  5:00  Factory Reactor, Barracks  
  61  5:03  Marine  
  62  5:08  Supply Depot  
  62  5:09  SCV  
  62  5:10  SCV  
  64  5:19  Engineering Bay x2  
  64  5:22  SCV x2  
  64  5:23  Refinery  
  66  5:31  Marine  
  66  5:33  Refinery  
  66  5:34  SCV x2  
  69  5:40  Starport Reactor  
  69  5:45  Terran Infantry Weapons Level 1, Terran Infantry Armor Level 1  
  69  5:46  SCV  
  69  5:47  SCV  
  69  5:49  Marine  
  72  5:56  Marine x2  
  74  5:58  SCV  
  74  5:59  SCV  
  74  6:00  Orbital Command  
  76  6:09  Barracks, Missile Turret  
  76  6:10  SCV, Barracks  
  76  6:11  SCV  
  78  6:12  Missile Turret  
  78  6:15  Marine x4  
  76  6:20  Medivac x2  
  76  6:22  SCV  
  84  6:26  Siege Tank  
  84  6:28  SCV x2  
  86  6:36  Combat Shield, Marine x3  
  86  6:37  Marine  
  90  6:40  Orbital Command, Supply Depot  
  90  6:45  Supply Depot  
  90  6:50  Marine  
  90  6:54  Marine  
  92  7:01  Supply Depot x2, SCV x2  
  91  7:04  Marine x2  
  91  7:05  Marine, Barracks Reactor x2  
  91  7:07  Marine  
  97  7:09  Medivac x2  
  97  7:13  Missile Turret  
  97  7:15  SCV x2  
  103  7:18  Armory  
  103  7:19  Siege Tank  
  103  7:22  Marine x2  
  106  7:23  Marine  
  106  7:24  SCV  
  106  7:27  Supply Depot, SCV  
  111  7:35  Marine x2  
  108  7:40  Marine  
  108  7:42  SCV x3  
  112  7:45  Marine x6  
  118  7:52  Supply Depot  
  118  7:53  Marine x2  
  118  7:54  Widow Mine, SCV x2  
  118  7:56  Medivac x2  
  118  7:58  Marine  
  128  8:02  Refinery, Supply Depot, Marine  
  128  8:03  Supply Depot  
  130  8:10  Marine  
  130  8:11  Marine x3  
  130  8:12  Marine  
  134  8:13  Marine  
  134  8:17  Marine x2  
  135  8:20  Marine  
  136  8:27  Refinery, Factory  
  136  8:28  Marine  
  136  8:29  Supply Depot  
  120  8:36  SCV x2  
  120  8:38  Marine x5  
  120  8:39  Marine  
  125  8:42  Supply Depot, SCV  
  125  8:47  Widow Mine  
  128  8:48  SCV  
  128  8:49  SCV, Medivac x2  
  134  8:56  Marine x3  
  133  9:04  SCV x2  
  133  9:07  Supply Depot  
Tags
 
Add a new tag
Caveats
  • Supply blocks, unpowered buildings, or Contaminate may cause inaccurate times.
  • Supply counts are checked every 10 seconds.